 Dungeon Sprint DCSS version 0.20.1-1-g8b1a95d (webtiles) character file.

2442 Hubbles the Executioner (level 9, -2/70 HPs)
             Began as a Minotaur Berserker on Aug 2, 2017.
             Was the Champion of Trog.
             Slain by a ten-headed hydra (12 damage)
             ... in the Dungeon (Sprint IX: "|||||||||||||||||||||||||||||").
             The game lasted 00:03:04 (684 turns).

Hubbles the Executioner (Minotaur Berserker)         Turns: 684, Time: 00:03:05

Health: -2/70      AC: 10    Str: 28    XL:     9   Next: 25%
Magic:  8/8        EV:  9    Int:  7    God:    Trog [******]
Gold:   17         SH:  4    Dex: 10    Spells: 8/8 levels left

rFire    . . .     SeeInvis .   a - +1 broad axe (freeze)
rCold    + . .     Gourm    .   (no shield)
rNeg     . . .     Faith    .   n - +1 chain mail
rPois    +         Spirit   .   (helmet restricted)
rElec    .         Reflect  .   (no cloak)
rCorr    .         Harm     .   p - +0 pair of gloves
MR       .....     NoTele   +   (no boots)
Stlth    ..........             (no amulet)
Regen    0.3/turn               o - +3 ring of strength
MPRegen  0.2/turn               b - +3 ring of intelligence

@: berserk cooldown, slowed, very slow
A: retaliatory headbutt, horns 2, large bone plates 1, cold resistance 1, poison
resistance
a: Berserk, Trog's Hand, Brothers in Arms, Burn Spellbooks, Renounce Religion


You were in the Dungeon.
You worshipped Trog.
Trog was exalted by your worship.
You were hungry.

You visited 1 branch You collected 17 gold pieces.

Inventory:

Hand Weapons
 a - a +1 broad axe of freezing (weapon)
Armour
 n - a +1 chain mail (worn)
 p - a +0 pair of gloves (worn)
Jewellery
 b - a +3 ring of intelligence (right hand)
 o - a +3 ring of strength (left hand)
Wands
 m - a wand of acid (7/15)
Scrolls
 i - 4 scrolls of blinking
 l - 3 scrolls of remove curse
 q - a scroll of recharging
 r - a scroll of identify
 s - 2 scrolls of fog
Potions
 d - 5 potions of curing
 e - 4 potions of heal wounds
 f - 2 potions of haste
 g - 4 potions of magic
 h - a potion of berserk rage
 j - a potion of brilliance
 k - a potion of invisibility
Comestibles
 c - a bread ration


   Skills:
 - Level 3.6 Fighting
 * Level 22.4 Axes
 - Level 2.4 Armour
 - Level 2.1 Dodging


You had 8 spell levels left.
You didn't know any spells.

Dungeon Overview and Level Annotations

Branches:
Dungeon (1/1)

Altars:
Cheibriados
Dithmenos
Elyvilon
Fedhas
Gozag
Hepliaklqana
Kikubaaqudgha
Makhleb
Nemelex Xobeh
Okawaru
Qazlal
Ru
Sif Muna
Trog
Uskayaw
Vehumet
Xom
Yredelemnul
Zin
The Shining One
Beogh
Jiyva
Lugonu


Innate Abilities, Weirdness & Mutations

You reflexively headbutt those who attack you in melee.
You have a pair of horns on your head.
You are partially covered in large bone plates. (SH +4)
Your flesh is cold resistant. (rC+)
Your system is resistant to poisons. (rPois)


Message History

The ten-headed hydra is heavily wounded.
The ten-headed hydra bites you!
* * * LOW HITPOINT WARNING * * *
You block the ten-headed hydra's attack.
The ten-headed hydra barely misses you.
The ten-headed hydra bites you but does no damage.
You block the ten-headed hydra's attack. x2
The ten-headed hydra barely misses you. The ten-headed hydra bites you.
* * * LOW HITPOINT WARNING * * *
The ten-headed hydra bites you but does no damage.
The ten-headed hydra bites you!
* * * LOW HITPOINT WARNING * * *
Unknown command.
You feel much better.
You block the ten-headed hydra's attack.
The ten-headed hydra bites you. The ten-headed hydra bites you! x2
* * * LOW HITPOINT WARNING * * *
The ten-headed hydra bites you but does no damage.
The ten-headed hydra bites you!
You die...

▓.▓_▓
▓.▓.▓_▓
▓.▓.▓_▓
▓.▓.▓_▓
▓.▓.▓_▓
▓r▓.▓_▓
▓l▓.▓_▓
▓D▓.▓_▓
▓@▓.▓_▓
▓†▓.▓_▓
▓)▓.▓_▓
▓.▓.▓_▓
▓.▓.▓_▓
▓.▓.▓_▓
▓.▓.▓_▓
▓.▓.▓'▓
▓.▓.▓.▓


You could see a ten-headed hydra, a komodo dragon and a porcupine.

Vanquished Creatures
  An unseen horror (D)
  A salamander (shapeshifter) (D)
  A komodo dragon (D)
  A polar bear (shapeshifter) (D)
  A hippogriff (D)
  A water moccasin (D)
  A porcupine (D)
  An eye of draining (D)
  A sky beast (D)
  3 crocodiles (D)
  A big kobold (D)
  2 bullfrogs (D)
  A scorpion (D)
  A jelly (D)
  An orc wizard (D)
  A worm (D)
  A leopard gecko (D)
  An orc (D)
  A giant cockroach (D)
  A hobgoblin (D)
  2 bats (D)
  A giant cockroach zombie (D)
  2 rats (D)
28 creatures vanquished.

Notes
Turn   | Place    | Note
-------+----------+-------------------------------------------
     0 | D        | Hubbles the Minotaur Berserker began the quest for the Orb.
     0 | D        | Reached XP level 1. HP: 19/19 MP: 0/0
     8 | D        | Reached skill level 4 in Axes
    12 | D        | Reached ** piety under Trog
    12 | D        | Reached skill level 5 in Axes
    31 | D        | Reached *** piety under Trog
    32 | D        | Reached skill level 6 in Axes
    32 | D        | Reached XP level 2. HP: 24/26 MP: 1/1
    46 | D        | Found a roughly hewn altar of Beogh.
    46 | D        | Found a snail-covered altar of Cheibriados.
    46 | D        | Found a shadowy altar of Dithmenos.
    46 | D        | Found a white marble altar of Elyvilon.
    46 | D        | Found a blossoming altar of Fedhas.
    46 | D        | Found an opulent altar of Gozag.
    47 | D        | Found a hazy altar of Hepliaklqana.
    48 | D        | Found a viscous altar of Jiyva.
    49 | D        | Found an ancient bone altar of Kikubaaqudgha.
    50 | D        | Found a corrupted altar of Lugonu.
    51 | D        | Found a burning altar of Makhleb.
    52 | D        | Found a sparkling altar of Nemelex Xobeh.
    53 | D        | Found an iron altar of Okawaru.
    54 | D        | Found a stormy altar of Qazlal.
    55 | D        | Found a sacrificial altar of Ru.
    56 | D        | Found a deep blue altar of Sif Muna.
    57 | D        | Found a bloodstained altar of Trog.
    58 | D        | Found a hide-covered altar of Uskayaw.
    59 | D        | Found a radiant altar of Vehumet.
    61 | D        | Found a shimmering altar of Xom.
    62 | D        | Found a basalt altar of Yredelemnul.
    63 | D        | Found a glowing silver altar of Zin.
    64 | D        | Found a glowing golden altar of the Shining One.
   124 | D        | Noticed an eye of draining
   124 | D        | Noticed a crocodile
   124 | D        | Noticed a bullfrog
   124 | D        | Noticed a big kobold
   124 | D        | Noticed a sky beast
   129 | D        | Killed a sky beast
   129 | D        | Reached **** piety under Trog
   129 | D        | Reached skill level 11 in Axes
   129 | D        | Reached XP level 3. HP: 31/31 MP: 0/2
   129 | D        | Reached XP level 4. HP: 39/39 MP: 0/3
   134 | D        | Killed a big kobold
   134 | D        | Reached skill level 12 in Axes
   134 | D        | Reached XP level 5. HP: 45/45 MP: 0/4
   136 | D        | Reached skill level 14 in Axes
   139 | D        | Killed a crocodile
   139 | D        | Reached XP level 6. HP: 51/51 MP: 0/5
   145 | D        | Reached skill level 15 in Axes
   151 | D        | Reached ***** piety under Trog
   151 | D        | Reached skill level 16 in Axes
   201 | D        | Noticed a hippogriff
   201 | D        | Noticed a salamander
   201 | D        | Noticed a polar bear
   204 | D        | Killed a polar bear
   204 | D        | Reached skill level 17 in Axes
   204 | D        | Reached XP level 7. HP: 42/57 MP: 6/6
   208 | D        | Killed a salamander
   208 | D        | Reached skill level 19 in Axes
   208 | D        | Reached XP level 8. HP: 60/64 MP: 7/7
   217 | D        | Killed an unseen horror
   217 | D        | Reached skill level 20 in Axes
   224 | D        | Killed a hippogriff
   224 | D        | Reached skill level 21 in Axes
   236 | D        | Gained mutation: You are partially covered in large bone plates. (SH +4) [mutagenic meat]
   237 | D        | Gained mutation: Your system is resistant to poisons. (rPois) [mutagenic meat]
   238 | D        | Gained mutation: Your flesh is cold resistant. (rC+) [mutagenic meat]
   661 | D        | Noticed a komodo dragon
   670 | D        | Killed a komodo dragon
   670 | D        | Reached XP level 9. HP: 70/70 MP: 8/8
   671 | D        | Reached ****** piety under Trog
   671 | D        | Reached skill level 22 in Axes
   672 | D        | Noticed an eight-headed hydra
   674 | D        | Noticed a komodo dragon
   676 | D        | Received a gift from Trog
   683 | D        | HP: 2/70 [ten-headed hydra (9)]
   684 | D        | Slain by a ten-headed hydra

Skill      XL: |  1  2  3  4  5  6  7  8  9 |
---------------+----------------------------+-----
Axes           | 6 11 12 14 17 19 21 22 | 22.4
Fighting       | |  3.6
Armour         | |  2.4
Dodging        | |  2.1

Action                   |  1- 3 |  4- 6 |  7- 9 || total
-------------------------+-------+-------+-------++-------
Melee: Hand axe          |    27 |    18 |       ||    45
       Headbutt          |     6 |     7 |     6 ||    19
       Broad axe         |       |     3 |    32 ||    35
Invok: Berserk           |     1 |       |     1 ||     2
  Use: Potion            |       |       |     2 ||     2
  Eat: Chunk             |       |       |     3 ||     3
Armor: Animal skin       |     2 |       |       ||     2
       Chain mail        |       |     5 |    16 ||    21
Dodge: Dodged            |    20 |     6 |    12 ||    38
Block: Other             |       |       |     6 ||     6
